 Dungeon Crawl Stone Soup version 0.32-a0-5-gbffa963729 (webtiles) character file.

Game seed: 9201808085026968810

2633 jt the Shield-Bearer (level 9, -1/74 HPs)
             Began as an Armataur Alchemist on Jan 13, 2024.
             Was an Elder of Zin.
             Slain by a yak (10 damage)
             ... on level 7 of the Dungeon.
             The game lasted 00:16:17 (6352 turns).

jt the Shield-Bearer (Armataur Alchemist)           Turns: 6352, Time: 00:16:18

Health: -1/74      AC:  5    Str: 17    XL:     9   Next: 35%
Magic:  13/13      EV:  9    Int: 16    God:    Zin [****..]
Gold:   205        SH: 10    Dex: 11    Spells: 11/12 levels left

rFire   + . .        a - +0 hand axe (elec)
rCold   . . .        e - +0 buckler
rNeg    . . .        H - +0 robe {Will+}
rPois   .            (no helmet)
rElec   .            D - scarf {shadows}
rCorr   .            m - +0 pair of gloves
SInv    .            (no barding)
Will    +....        z - amulet of reflection
Stlth   +            J - ring of protection from fire
HPRegen 0.32/turn    (no ring)
MPRegen 0.13/turn

%: reflection, roll
@: silenced
A: large, deformed body, tough skin 3, armoured tail, roll 2
a: Renounce Religion


You were on level 7 of the Dungeon.
You worshipped Zin.
Zin was greatly pleased with you.
You visited 2 branches of the dungeon, and saw 8 of its levels.

You collected 343 gold pieces.
You spent 104 gold pieces at shops.
You donated 34 gold pieces to Zin.

Inventory:

Hand Weapons
 a - a +0 hand axe of electrocution (weapon)
 d - a +4 vampiric trident
 n - a +4 spear
 o - a +0 sling
 q - the +8 rapier of Floods {speed, rF+ rC+ Dex+2}
   (You found it on level 3 of the Dungeon)

   Dex+2:     It affects your dexterity (+2).
   rF+:       It protects you from fire.
   rC+:       It protects you from cold.
 G - a +5 battleaxe
 I - a +3 dire flail of freezing
 K - the +5 mace of the Valley {spect, rC++}
   (You found it on level 6 of the Dungeon)

   rC++:      It greatly protects you from cold.
 N - a +2 trident of flaming
Missiles
 i - 62 stones
 v - a throwing net
 B - 14 poisoned darts
Armour
 c - a +0 plate armour
 e - a +0 buckler (worn)
 f - a +0 ring mail
 m - a +0 pair of gloves (worn)
 w - a +0 robe
 y - a +0 leather armour
 D - a scarf of shadows (worn)
 H - a +0 robe of willpower (worn)
 O - a +0 kite shield
Magical Staves
 F - a staff of alchemy
Jewellery
 z - an amulet of reflection (around neck)
 J - a ring of protection from fire (left hand)
Wands
 C - a wand of digging (9)
 M - a wand of iceblast (12)
Scrolls
 k - 2 scrolls of fog
 r - a scroll of enchant armour
 u - a scroll of teleportation
 x - a scroll of revelation
 A - a scroll of summoning
 E - a scroll of amnesia
Potions
 b - a potion of magic
 g - a potion of lignification
 h - 5 potions of attraction
 j - 2 potions of might
 l - a potion of cancellation {unknown}
 p - 3 potions of curing
 s - a potion of mutation
 t - 2 potions of heal wounds {unknown}


   Skills:
 - Level 5.0 Fighting
 + Level 5.8 Axes
 - Level 1.0(4.1) Maces & Flails
 - Level 1.3 Dodging
 - Level 2.1 Stealth
 - Level 6.0 Shields
 - Level 2.0 Spellcasting
 - Level 0.8 Conjurations
 - Level 2.6 Alchemy
 + Level 5.6 Invocations
 - Level 3.0 Evocations


You had 11 spell levels left.
You knew the following spells:

 Your Spells              Type           Power      Damage    Failure   Level
a - Sting                 Conj/Alch      28%        1d4       12%         1

Your spell library contained the following spells:

 Spells                   Type           Power      Damage    Failure   Level
 Foxfire                  Conj/Fire      8%         2x1d4     22%         1
 Mercury Vapours          Alch/Air       10%        N/A       22%         2
 Apportation              Tloc           2%         N/A       26%         1
 Necrotise                Necr           4%         1d4       26%         1
 Summon Small Mammal      Summ           4%         N/A       26%         1
 Ensorcelled Hibernation  Hex/Ice        2%         N/A       36%         2
 Mephitic Cloud           Conj/Alch/Air  5%         N/A       43%         3
 Fugue of the Fallen      Necr           1%         N/A       58%         3
 Vampiric Draining        Necr           1%         2d6       58%         3
 Olgreb's Toxic Radiance  Alch           10%        N/A       63%         4
 Sticky Flame             Fire/Alch      5%         2d4       82%         4
 Anguish                  Hex/Necr       0%         N/A       94%         4
 Martyr's Knell           Necr/Summ      1%         N/A       94%         4
 Curse of Agony           Necr           1%         N/A       100%        5
 Plasma Beam              Fire/Air       0%         2x1d10    100%        6
 Starburst                Conj/Fire      1%         6d3       100%        6


Dungeon Overview and Level Annotations

Branches:
Dungeon (7/15)             Temple (1/1) D:6

Altars:
Dithmenos
Kikubaaqudgha
Nemelex Xobeh
Trog
Uskayaw
Vehumet
Wu Jian
Zin
The Shining One

Shops:
D:1 :((   D:4 (


Innate Abilities, Weirdness & Mutations

Armour fits poorly on your strangely shaped body.
You have extremely tough skin. (AC +3)
You have a long armoured tail.
You regenerate magic and health when rolling toward enemies. (Rampage Regen)


Message History

The yak barely misses you.
You hit the yak. You tail-slap the yak.
You kill the yak!
You hit the yak. You tail-slap the yak.
The yak is moderately wounded.
The yak gores you.
You closely miss the yak.
You tail-slap the yak, but do no damage.
The yak is moderately wounded.
You block the yak's attack. x2
You closely miss the yak.
The yak is moderately wounded.
The yak completely misses you.
You hit the yak but do no damage.
The yak is lightly wounded.
You block the yak's attack.
You hit the yak.
The yak is moderately wounded.
The yak gores you!
You are too injured to fight recklessly!
You are too injured to fight recklessly!
You hit the yak but do no damage.
The yak is moderately wounded.
The yak gores you!
You slash the yak!
The yak is heavily wounded.
The yak gores you but does no damage.
You slash the yak! Lightning courses through the yak!!
You kill the yak!
Training target 3.0 for Evocations reached!
Your Evocations skill increases to level 3!
You hit the yak but do no damage. The yak gores you!
* * * LOW HITPOINT WARNING * * *
You feel better. The yak gores you!
* * * LOW HITPOINT WARNING * * *
Okay, then.
Okay, then.
As you read the scroll labelled KIWAPR UXTEIW, it crumbles to dust.
A profound silence engulfs you.
It was a scroll of silence.
The yak gores you!
You die...

#.# #.# #.# # #.######
#.##..))))) #.#...#####
#...#......
##############.#.#######
.....YY@.....#..<.......
.....#######.###########
###. ..................
# ..####.########### #.#
#.# #.# #.# #.#


You could see 2 yaks.

Vanquished Creatures
  Jeremiah (D:7)
  3 yaks (D:7)
  Menkaure (D:6)
  A sky beast (D:7)
  2 black bears (D:5)
  3 phantoms (D:5)
  A kobold brigand (D:7)
  2 bullfrogs (D:6)
  A gnoll sergeant (D:6)
  2 scorpions
  5 wights (D:6)
  4 hounds
  3 jellies (D:6)
  A sleepcap (D:6)
  6 iguanas
  2 orc wizards (D:7)
  14 gnolls
  4 adders
  3 shadow imps
  A white imp (D:5)
  4 ufetubi (D:6)
  2 ribbon worms
  2 dart slugs
  3 orcs (D:7)
  8 ball pythons
  4 endoplasms
  2 giant cockroaches
  3 goblins
  3 hobgoblins
  4 jackals (D:1)
  2 quokkas
  6 bats
  A frilled lizard (D:1)
  4 kobolds
  4 rats (D:1)
112 creatures vanquished.

Notes
Turn   | Place    | Note
-------+----------+-------------------------------------------
     0 | D:1      | jt the Armataur Alchemist began the quest for the Orb.
     0 | D:1      | Reached XP level 1. HP: 14/14 MP: 3/3
   110 | D:1      | Noticed a +0 demon whip
   113 | D:1      | Found Naom's Weapon Emporium.
   114 | D:1      | Noticed a +0 giant spiked club
   205 | D:1      | Found Zeic's Weapon Shoppe.
   232 | D:1      | Reached skill level 1 in Shields
   422 | D:1      | Reached XP level 2. HP: 18/20 MP: 4/4
   442 | D:1      | Reached skill level 2 in Shields
   558 | D:1      | Found Muhor's Book Emporium.
   680 | D:1      | Found a faded altar of an unknown god.
   684 | D:1      | Prayed at the altar of an unknown god.
   684 | D:1      | Became a worshipper of Zin the Law-Giver
   684 | D:1      | Reached * piety under Zin
  1217 | D:2      | Reached skill level 3 in Shields
  1241 | D:2      | Reached XP level 3. HP: 26/26 MP: 5/5
  1574 | D:2      | Reached ** piety under Zin
  1703 | D:3      | Identified the +8 rapier of Floods {speed, rF+ rC+ Dex+2}
  1852 | D:3      | Reached skill level 1 in Maces & Flails
  2011 | D:3      | Reached XP level 4. HP: 33/34 MP: 6/6
  2016 | D:3      | Reached skill level 1 in Fighting
  2182 | D:4      | Reached skill level 4 in Shields
  2208 | D:4      | Reached XP level 5. HP: 41/41 MP: 1/7
  2290 | D:1      | Bought a +0 hand axe of electrocution for 104 gold pieces
  2757 | D:4      | Reached *** piety under Zin
  2959 | D:4      | Found Zuhy's Weapon Shop.
  3522 | D:5      | Entered Level 5 of the Dungeon
  3528 | D:5      | Noticed a phantom
  3536 | D:5      | Reached skill level 1 in Axes
  3543 | D:5      | Killed a phantom
  3544 | D:5      | Reached XP level 6. HP: 22/50 MP: 9/9
  3738 | D:5      | Reached skill level 5 in Shields
  3942 | D:5      | Gained mutation: You regenerate magic and health when
                  | rolling toward enemies. (Rampage Regen) [Armataur growth]
  3942 | D:5      | Reached XP level 7. HP: 50/57 MP: 10/10
  4034 | D:5      | Reached **** piety under Zin
  4981 | D:6      | Found a staircase to the Ecumenical Temple.
  4987 | D:6      | Reached skill level 6 in Shields
  4994 | Temple   | Entered the Ecumenical Temple
  5230 | D:6      | Reached skill level 1 in Invocations
  5260 | D:6      | Reached XP level 8. HP: 45/64 MP: 11/11
  5446 | D:6      | Identified the +5 mace of the Valley {spect, rC++}
  5523 | D:6      | Reached skill level 5 in Fighting
  5655 | D:6      | Noticed Menkaure
  5665 | D:6      | Killed Menkaure
  6154 | D:7      | Noticed Jeremiah
  6190 | D:7      | Reached skill level 5 in Axes
  6202 | D:7      | Reached skill level 1 in Evocations
  6217 | D:7      | Killed Jeremiah
  6218 | D:7      | Reached skill level 5 in Invocations
  6218 | D:7      | Reached XP level 9. HP: 52/74 MP: 12/12
  6352 | D:7      | Slain by a yak

Illustrated notes

Levels and vault maps discovered:
D:1:      onia_arrival_mini_maze_b, layout_loops_ring, serial_shops,
          nicolae_shop_back_alley_shop,
          nicolae_shop_temple_entry_statues_fountains, nicolae_shop_mannequins,
          hellmonk_ecumenical_altar_leap_of_faith,
          chequers_serial_rivers_small_a
D:2:      layout_loops_cross
D:3:      layout_loops_cross
D:4:      layout_layer_cave, serial_shops, nicolae_shop_back_alley_shop
D:5:      layout_cave_pods, grunt_decor_one_mirror, kennysheep_dice
D:6:      layout_loops_ring, minmay_temple_entry_junction,
          hangedman_decor_diamond_cutter, grunt_ministairs_10, uniq_menkaure
D:7:      layout_basic, mainiacjoe_overflow_six_doors_small,
          nicolae_overflows_in_rows, uniq_jeremiah
Temple:   hellmonk_temple_beads

Skill      XL: |  1  2  3  4  5  6  7  8  9 |
---------------+----------------------------+-----
Shields        | 1 3 4 5 6 |  6.0
Maces & Flails | 1 |  1.0
Fighting       | 1 2 3 4 5 |  5.0
Spellcasting   | 2 |  2.0
Axes           | 1 2 3 5 |  5.8
Invocations    | 1 5 |  5.6
Evocations     | 2 3 |  3.0
Dodging        | |  1.3
Stealth        | |  2.1
Conjurations   | |  0.8
Alchemy        | |  2.6

Action                     |  1- 3 |  4- 6 |  7- 9 || total
---------------------------+-------+-------+-------++-------
  Melee: Unarmed           |    96 |       |       ||    96
         Tailslap          |    16 |    11 |    34 ||    61
         Whip              |    27 |       |       ||    27
         Rapier            |    14 |    11 |       ||    25
         Spear             |     1 |       |       ||     1
         Hand axe          |       |    79 |   257 ||   336
         Mace              |       |       |     3 ||     3
  Throw: Stone             |     1 |       |       ||     1
         Dart              |       |     2 |     3 ||     5
   Cast: Sting             |    13 |    11 |     2 ||    26
 Invoke: Recite            |       |       |     6 ||     6
  Evoke: Wand              |       |       |     2 ||     2
    Use: Scroll            |     7 |     2 |     5 ||    14
         Potion            |     2 |       |     2 ||     4
   Stab: Sleeping          |     4 |       |     4 ||     8
         Confused          |       |       |     2 ||     2
         Distracted        |       |       |     1 ||     1
 Armour: Robe              |    84 |    18 |    94 ||   196
         Leather armour    |       |    34 |    66 ||   100
  Dodge: Dodged            |    52 |    34 |    79 ||   165
  Block: Buckler           |    28 |    32 |   130 ||   190

Table legend: (Time is in decaauts)
 A = Elapsed time spent in this place.
 B = Non-inter-level travel time spent in this place.
 C = Inter-level travel time spent in this place.
 D = Time resting spent in this place.
 E = Time spent auto-exploring this place.
 F = Levels seen in this place.
 G = Mean time per level.
                   A        B        C        D        E       F      G
               +--------+--------+--------+--------+--------+-----+--------+
         Total |   6413 |   6058 |    355 |    563 |   3724 |   8 |  801.6 |
       Dungeon |   6377 |   6022 |    355 |    530 |   3724 |   7 |  911.0 |
        Temple |     35 |     35 |      0 |     33 |      0 |   1 |   35.0 |
               +--------+--------+--------+--------+--------+-----+--------+

Top non-repeatable levels by time:
     D:5: 1429 daAuts
     D:1: 1246 daAuts
     D:6: 1166 daAuts
     D:4: 973 daAuts
     D:2: 755 daAuts
     D:3: 564 daAuts
     D:7: 240 daAuts
  Temple: 35 daAuts
